 Dungeon Crawl Stone Soup version 0.30-a0-949-g53dc5368d7 (webtiles) character file.

Game seed: 17293647813125153763

247 GigaChad the Covered (level 6, -3/48 HPs)
             Began as a Formicid Fighter on Mar 27, 2023.
             Was an Initiate of Gozag.
             Slain by a gnoll
             ... wielding a +0 club
              (4 damage)
             ... on level 4 of the Dungeon.
             The game lasted 00:03:09 (2036 turns).

GigaChad the Covered (Formicid Fighter)             Turns: 2036, Time: 00:03:11

Health: -3/48      AC:  9    Str: 23    XL:     6   Next: 33%
Magic:  6/6        EV:  8    Int:  7    God:    Gozag
Gold:   154        SH:  5    Dex: 17    Spells: 5/5 levels left

rFire   + . .      SeeInvis +    a - +0 war axe
rCold   . . .      Faith    .    c - +0 buckler
rNeg    . . .      Spirit   .    r - +0 chain mail
rPois   +          Reflect  .    (helmet unavailable)
rElec   +          Rampage  .    (no cloak)
rCorr   .                        (no gloves)
Will    .....                    (no boots) Stlth
                                 (no amulet)
HPRegen 0.28/turn                k - +6 ring of dexterity
MPRegen 0.10/turn                o - ring of Wahulaonn {rElec rPois rF+ Dex-2 Slay+4}

@: no status effects
A: permanent stasis, dig shafts and tunnels, antennae 3, four strong arms
a: Dig, Shaft Self, Renounce Religion, Potion Petition, Call Merchant, Bribe
Branch


You were on level 4 of the Dungeon.
You worshipped Gozag.
Gozag was aware of your devotion.
You visited 1 branch of the dungeon, and saw 4 of its levels.

You collected 234 gold pieces.
You paid 80 gold pieces to Gozag.

Inventory:

Hand Weapons
 a - a +0 war axe (weapon)
Armour
 b - a +0 scale mail
 c - a +0 buckler (worn)
 r - a +0 chain mail (worn)
Jewellery
 k - a +6 ring of dexterity (left hand)
 o - the ring of Wahulaonn (right hand) {rElec rPois rF+ Dex-2 Slay+4}
   (You found it on level 2 of the Dungeon)

   [ring of slaying]

   Dex:       It affects your dexterity (-2).
   Slay:      It affects your accuracy & damage with ranged weapons and melee
   (+4).
   rF:        It protects you from fire.
   rElec:     It insulates you from electricity.
   rPois:     It protects you from poison.
 s - a ring of protection from fire
 t - a ring of poison resistance
Scrolls
 f - 3 scrolls of enchant armour {unknown}
 i - 4 scrolls of identify {unknown}
 j - 3 scrolls of silence {unknown}
 l - a scroll of summoning {unknown}
 n - 4 scrolls of teleportation {unknown}
 u - a scroll of fog {unknown}
Potions
 d - 4 potions of might
 e - 3 potions of lignification {unknown}
 g - a potion of experience {unknown}
 h - a potion of heal wounds {unknown}
 m - 2 potions of mutation {unknown}
 p - 6 potions of curing {unknown}
 q - a potion of brilliance {unknown}
 v - a potion of ambrosia {unknown}
 w - a potion of degeneration {unknown}
 x - a potion of cancellation {unknown}


   Skills:
 + Level 4.1 Fighting
 + Level 4.3 Axes
 + Level 4.7 Armour
 + Level 1.1 Dodging
 + Level 4.5 Shields


You had 5 spell levels left.
You didn't know any spells.
Your spell library was empty.

Dungeon Overview and Level Annotations

Branches:
Dungeon (4/15)
 Temple: D:4-7

Altars:
Elyvilon
Gozag

Annotations:
D:4 Blork the orc


Innate Abilities, Weirdness & Mutations

You cannot be hasted, slowed, berserked, paralysed or teleported.
You can dig through walls and to a lower floor.
You have a pair of large antennae on your head. (SInv)
Your four strong arms can wield two-handed weapons with a shield.


Message History

The gnoll hits you from afar with a +0 halberd!
You struggle against the net.
The gnoll hits you but does no damage.
You shred the net and break free! You block the gnoll's attack.
The gnoll barely misses you. Blork the orc barely misses you.
Blork the orc closely misses you. The gnoll hits you with a +0 club!
You block the gnoll's attack. The gnoll barely misses you.
Blork the orc hits you with a +0 dire flail!
You block the gnoll's attack. x2
The gnoll hits you from afar with a +0 halberd.
You are too injured to fight recklessly!
You slash Blork the orc!
Blork the orc is moderately wounded.
You hit the gnoll.
Blork the orc hits you with a +0 dire flail.
Blork the orc gestures at you while chanting.
The puff of flame hits you but does no damage.
The gnoll closely misses you. You block the gnoll's attack.
The gnoll hits you from afar with a +0 halberd.
* * * LOW HITPOINT WARNING * * *
You are too injured to fight recklessly!
You are too injured to fight recklessly!
Unknown command.
You are too injured to fight recklessly!
You are too injured to fight recklessly!
Unknown command.
You closely miss Blork the orc.
Blork the orc is moderately wounded.
You hit the gnoll.
Blork the orc hits you with a +0 dire flail.
* * * LOW HITPOINT WARNING * * *
The gnoll hits you but does no damage.
The gnoll hits you from afar with a +0 halberd.
* * * LOW HITPOINT WARNING * * *
The gnoll hits you from afar with a +0 halberd!
* * * LOW HITPOINT WARNING * * *
Blork the orc barely misses you. You block the gnoll's attack.
The gnoll hits you with a +0 club.
You die...
Your body crumbles into a pile of gold.

#.##.#.........
#.##.##.######.
#..............
#..#.##.#######
#..#.##.# #
#.......#
###.###.#.####
....ggg.#.#
....ggo@..#
###.####### ..
##


You could see Blork the orc (fast), 4 gnolls and a hobgoblin.

Vanquished Creatures
  A water moccasin (D:3)
  3 orc wizards (D:4)
  A worm (D:2)
  7 orcs
  5 ball pythons
  5 endoplasms
  3 giant cockroaches
  7 goblins
  2 hobgoblins
  2 quokkas (D:1)
  5 bats
  2 frilled lizards (D:2)
  3 kobolds
  3 rats
49 creatures vanquished.

Vanquished Creatures (others)
  3 plants (D:1)
3 creatures vanquished.

Grand Total: 52 creatures vanquished

Notes
Turn   | Place    | Note
-------+----------+-------------------------------------------
     0 | D:1      | GigaChad the Formicid Fighter began the quest for the Orb.
     0 | D:1      | Reached XP level 1. HP: 18/18 MP: 1/1
   164 | D:1      | Reached XP level 2. HP: 24/24 MP: 2/2
   793 | D:2      | Found a faded altar of an unknown god.
   793 | D:2      | Identified the ring of Wahulaonn {rElec rPois rF+ Dex-2
                  | Slay+4}
   808 | D:2      | Reached XP level 3. HP: 29/29 MP: 3/3
  1659 | D:3      | Reached XP level 4. HP: 34/35 MP: 4/4
  1728 | D:3      | Noticed a water moccasin
  1740 | D:3      | Killed a water moccasin
  1741 | D:3      | Reached skill level 1 in Dodging
  1741 | D:3      | Reached XP level 5. HP: 34/42 MP: 5/5
  1877 | D:3      | Found a faded altar of an unknown god.
  1881 | D:3      | Found a white marble altar of Elyvilon.
  1953 | D:4      | Found an opulent altar of Gozag.
  1981 | D:4      | Reached XP level 6. HP: 40/48 MP: 6/6
  2004 | D:4      | Became a worshipper of Gozag Ym Sagoz the Greedy
  2029 | D:4      | Noticed Blork the orc
  2036 | D:4      | HP: 1/48 [gnoll/+0 halberd (7)]
  2036 | D:4      | Slain by a gnoll

Illustrated notes

Levels and vault maps discovered:
D:1:      minmay_arrival_diagonal_passages, layout_rooms, chequers_big_river,
          st_stairs_7, corexii_item_surrounded_by_moat
D:2:      layout_loops_cross, ebering_ecumenical_altar_petrified,
          minmay_circled_x
D:3:      layout_rooms, nicolae_overflow_ecumenical_swirl,
          kennysheep_generic_room_15
D:4:      layout_loops_ring, nicolae_gozag_seed_capital, uniq_blork_the_orc

Skill      XL: |  1  2  3  4  5  6 |
---------------+-------------------+-----
Axes           | 3 4 |  4.3
Armour         | 4 |  4.7
Dodging        | 1 |  1.1
Fighting       | 4 |  4.1
Shields        | |  4.5

Action                     |  1- 3 |  4- 6 || total
---------------------------+-------+-------++-------
  Melee: War axe           |    85 |    32 ||   117
Ability: Dig               |     1 |       ||     1
 Armour: Scale mail        |    39 |       ||    39
         Chain mail        |     9 |    24 ||    33
  Dodge: Dodged            |    46 |    20 ||    66
  Block: Buckler           |    28 |    13 ||    41

Table legend: (Time is in decaauts)
 A = Elapsed time spent in this place.
 B = Non-inter-level travel time spent in this place.
 C = Inter-level travel time spent in this place.
 D = Time resting spent in this place.
 E = Time spent auto-exploring this place.
 F = Levels seen in this place.
 G = Mean time per level.
                   A        B        C        D        E       F      G
               +--------+--------+--------+--------+--------+-----+--------+
         Total |   2095 |   2000 |     95 |      0 |   1556 |   4 |  523.8 |
       Dungeon |   2095 |   2000 |     95 |      0 |   1556 |   4 |  523.8 |
               +--------+--------+--------+--------+--------+-----+--------+

Top non-repeatable levels by time:
     D:2: 782 daAuts
     D:1: 722 daAuts
     D:3: 496 daAuts
     D:4: 94 daAuts
